 Dungeon Crawl Stone Soup version 0.26.1-11-gd32895ea62 (webtiles) character file.

Game seed: 3767372277290922365

1860 Almogavar the Geomancer (level 9, -1/72 HPs)
             Began as a Gargoyle Earth Elementalist on June 12, 2021.
             Was a Believer of Okawaru.
             Slain by an orc warrior
             ... wielding a +0 dire flail
              (10 damage)
             ... on level 6 of the Dungeon on June 13, 2021.
             The game lasted 00:34:11 (8497 turns).

Almogavar the Geomancer (GrEE)                      Turns: 8497, Time: 00:34:12

Health: -1/72      AC: 14    Str: 11    XL:     9   Next: 13%
Magic:  10/18      EV: 17    Int: 20    God:    Okawaru [**....]
Gold:   301        SH:  0    Dex: 10    Spells: 14/20 levels left

rFire    . . .     SeeInvis .   k - +0 flail
rCold    . . .     Faith    .   (no shield)
rNeg     + . .     Spirit   .   c - +0 robe
rPois    ∞         Reflect  .   p - +1 helmet
rElec    +         Harm     .   n - scarf {shadows}
rCorr    .         Rampage  .   (no gloves)
Will     .....                  (no boots)
Stlth    ..........             v - amulet of the acrobat
HPRegen  0.22/turn              D - +4 ring of protection
MPRegen  0.16/turn              w - +4 ring of evasion

@: berserking, very quick
A: negative energy resistance 1, electricity resistance, unbreathing,
petrification resistance, miasma immunity, AC +6
a: Renounce Religion, Heroism


You were on level 6 of the Dungeon.
You worshipped Okawaru.
Okawaru was pleased with you.
You visited 1 branch of the dungeon, and saw 7 of its levels.

You collected 301 gold pieces.

Inventory:

Hand Weapons
 k - a +0 flail (weapon)
Missiles
 b - 60 stones
Armour
 c - a +0 robe (worn)
 g - a +0 ring mail of cold resistance
 n - a scarf of shadows (worn)
 p - a +1 helmet (worn)
 q - a +0 chain mail
 t - a +0 cloak
 u - a +0 leather armour
 E - a +2 scale mail of cold resistance
Jewellery
 l - an uncursed ring of ice
 v - an amulet of the acrobat (around neck)
 w - a +4 ring of evasion (right hand)
 D - a +4 ring of protection (left hand)
Wands
 d - a wand of flame (22)
 s - a wand of random effects (11)
 x - a wand of paralysis (8)
 y - a wand of polymorph (4)
Scrolls
 e - 3 scrolls of teleportation
 f - 4 scrolls of amnesia
 i - 2 scrolls of remove curse
 m - a scroll of magic mapping
 o - a scroll of enchant armour
 A - a scroll of enchant weapon {unknown}
 C - a scroll of noise {unknown}
Potions
 a - 2 potions of lignification
 h - 2 potions of berserk rage
 z - a potion of heal wounds
 B - 2 potions of curing


   Skills:
 + Level 2.0 Fighting
 + Level 3.7 Maces & Flails
 + Level 3.1 Dodging
 + Level 3.9 Stealth
 + Level 6.1 Spellcasting
 + Level 3.8 Conjurations
 + Level 0.8 Transmutations
 + Level 8.3 Earth Magic


You had 14 spell levels left.
You knew the following spells:

 Your Spells              Type           Power        Failure   Level
a - Sandblast             Erth           38%          1%          1
b - Stone Arrow           Conj/Erth      30%          2%          3
c - Passwall              Tmut/Erth      10%          2%          2

Your spell library contained the following spells:

 Spells                   Type           Power        Failure   Level
 Lee's Rapid Deconstruct  Erth           9%           10%         5
 Animate Skeleton         Necr           6%           11%         1
 Corona                   Hex            3%           11%         1
 Pain                     Necr           12%          11%         1
 Dazzling Flash           Conj/Hex       12%          14%         3
 Ensorcelled Hibernation  Hex/Ice        6%           16%         2
 Petrify                  Tmut/Erth      12%          16%         4
 Confusing Touch          Hex            3%           30%         3
 Tukima's Dance           Hex            3%           30%         3
 Vampiric Draining        Necr           1%           30%         3
 Animate Dead             Necr           1%           71%         4
 Agony                    Necr           3%           96%         5


Dungeon Overview and Level Annotations

Branches:
Dungeon (7/15)
 Temple: D:4-7

Altars:
Kikubaaqudgha
Nemelex Xobeh
Okawaru
Uskayaw

Shops:
D:4 [


Innate Abilities, Weirdness & Mutations

You are resistant to torment.
Your stone body is resilient. (AC +6)
You are immune to poison.
You resist negative energy. (rN+)
You are resistant to electric shocks. (rElec)
You can survive without breathing.
You are immune to petrification.
You are immune to miasma.


Message History

Casting: Sandblast (safe; 1% risk of failure)
Confirm with . or Enter, or press ? or * to list all spells.
Aiming: Sandblast (safe; 1% risk of failure)
Press: ? - help, Shift-Dir - straight line, f/p - orc warrior
Aim: an orc warrior, wielding a +0 dire flail and wearing a +0 plate armour (moderately wounded, 21% to evade)
You feel a numb sensation.
The blast of sand hits the orc warrior but does no damage.
The orc warrior is moderately wounded.
You feel like a meek peon again. The orc warrior misses you.
The orc priest looks braver for a moment.
There is a stone staircase leading up here.
The orc warrior hits you with a +0 dire flail.
* * * LOW HITPOINT WARNING * * *
You climb upwards.
There is a stone staircase leading down here.
A red film seems to cover your vision as you go berserk!
You feel yourself moving faster!
You feel mighty!
The orc warrior hits you with a +0 dire flail!
You die...

# #.........# #
#.........###### #
#..............# #
###....#.#####.# #
#.##.#.# #.# #
#.##.#.# #.#
#####.##.#.# #.#
...##......#####.#
...............o@#
...###...#########
...# #.### ...#
#.# ...# #.# ...#
#.# ######.#####
####.......#
.........).#


You could see an orc warrior.

Vanquished Creatures
  Sigmund (D:5)
  Menkaure (D:5)
  Duvessa (D:6)
  An ice beast (D:5)
  3 ogres
  A phantom (D:4)
  3 bullfrogs (D:6)
  Dowan (D:6)
  A howler monkey (D:4)
  An orc wizard (D:3)
  A hound (D:5)
  An iguana (D:5)
  2 jellies (D:5)
  A centaur skeleton (D:6)
  Terence (D:1)
  Ijyb (D:5)
  Natasha (thrice) (D:2)
  6 worker ants
  2 hound zombies (D:6)
  A worker ant zombie (D:5)
  8 gnolls
  A howler monkey skeleton (D:6)
  6 adders
  A white imp (D:5)
  An ooze (D:4)
  3 worms
  3 dart slugs
  2 leopard geckos
  8 orcs
  15 bats
  5 giant cockroaches
  5 goblins
  7 hobgoblins
  9 jackals
  10 kobolds
  3 quokkas
  2 ball pythons (D:2)
  6 frilled lizards
  A jackal skeleton (D:4)
  15 rats
144 creatures vanquished.

Notes
Turn   | Place    | Note
-------+----------+-------------------------------------------
     0 | D:1      | Almogavar the Gargoyle Earth Elementalist began the quest
                  | for the Orb.
     0 | D:1      | Reached XP level 1. HP: 10/10 MP: 3/3
   138 | D:1      | Reached skill level 4 in Earth Magic
   138 | D:1      | Reached XP level 2. HP: 15/15 MP: 3/5
   750 | D:1      | Reached XP level 3. HP: 16/19 MP: 6/6
   801 | D:1      | Learned a level 3 spell: Stone Arrow
  1344 | D:2      | Reached XP level 4. HP: 24/24 MP: 0/7
  1802 | D:2      | Noticed Natasha
  1836 | D:2      | Killed Natasha
  2067 | D:2      | Reached XP level 5. HP: 28/28 MP: 5/9
  2290 | D:2      | Noticed Natasha
  2298 | D:2      | Killed Natasha
  2423 | D:2      | Noticed Terence
  2455 | D:1      | Killed Terence
  2456 | D:1      | Reached skill level 5 in Earth Magic
  2874 | D:2      | Noticed Natasha
  2880 | D:2      | Killed Natasha
  2881 | D:2      | Reached skill level 1 in Fighting
  3081 | D:2      | Found an iron altar of Okawaru.
  3096 | D:2      | Reached XP level 6. HP: 25/34 MP: 1/10
  3292 | D:1      | Reached skill level 1 in Maces & Flails
  3402 | D:2      | Became a worshipper of Warmaster Okawaru
  3807 | D:3      | Reached skill level 1 in Conjurations
  4781 | D:4      | Reached skill level 6 in Earth Magic
  4841 | D:4      | Reached * piety under Okawaru
  4842 | D:4      | Reached XP level 7. HP: 38/38 MP: 5/12
  4950 | D:4      | Found Kari's Armour Boutique.
  4964 | D:4      | Found an ancient bone altar of Kikubaaqudgha.
  5059 | D:4      | Found a sparkling altar of Nemelex Xobeh.
  5060 | D:4      | Found a hide-covered altar of Uskayaw.
  5874 | D:5      | Entered Level 5 of the Dungeon
  5938 | D:5      | Noticed Ijyb
  6015 | D:5      | Killed Ijyb
  6086 | D:5      | Reached skill level 7 in Earth Magic
  6086 | D:5      | Reached XP level 8. HP: 44/44 MP: 1/14
  6372 | D:5      | Reached ** piety under Okawaru
  6447 | D:5      | Noticed Sigmund
  6458 | D:5      | Killed Sigmund
  6643 | D:5      | Noticed Menkaure
  6647 | D:5      | Reached skill level 5 in Spellcasting
  6649 | D:5      | Killed Menkaure
  7069 | D:5      | Found a sparkling altar of Nemelex Xobeh.
  7148 | D:6      | Learned a level 2 spell: Passwall
  7513 | D:6      | Reached skill level 8 in Earth Magic
  7890 | D:6      | Reached XP level 9. HP: 46/48 MP: 10/17
  8290 | D:6      | Noticed Dowan
  8291 | D:6      | Noticed Duvessa
  8307 | D:6      | Killed Duvessa
  8310 | D:6      | Killed Dowan
  8497 | D:6      | Slain by an orc warrior

Illustrated notes

Levels and vault maps discovered:
D:1:      minmay_arrival_four_loops, layout_basic
D:2:      layout_rooms, okawaru_altar_gauntlet_db, uniq_terence, uniq_natasha
D:3:      layout_basic
D:4:      layout_basic, nicolae_overflow_hidden_temple,
          chequers_temple_overflow_statue_of_worship, serial_shops,
          nicolae_shop_waterfront, lemuel_another_geyser
D:5:      layout_rooms, nemelex_spade_bored_becter, uniq_sigmund, uniq_ijyb,
          uniq_menkaure
D:6:      layout_basic, serial_glass, glass_columns_c, glass_columns_b,
          due_unseen_surprise, minmay_strange_pillars, uniq_duvessa
D:7:      layout_basic, nicolae_overflow_quartered_altars,
          minmay_temple_entry_slanted, serial_shops,
          nicolae_shop_window_shopping

Skill      XL: |  1  2  3  4  5  6  7  8  9 |
---------------+----------------------------+-----
Earth Magic    | 4 5 6 7 8 |  8.3
Dodging        | 2 3 |  3.1
Stealth        | 3 |  3.9
Spellcasting   | 3 4 5 6 |  6.1
Fighting       | 1 2 |  2.0
Maces & Flails | 1 2 3 |  3.7
Conjurations   | 1 2 3 |  3.8
Transmutations | |  0.8

Action                   |  1- 3 |  4- 6 |  7- 9 || total
-------------------------+-------+-------+-------++-------
Melee: Dagger            |    87 |     7 |       ||    94
       Flail             |       |    97 |   119 ||   216
 Cast: Sandblast         |    19 |    54 |    41 ||   114
       Stone Arrow       |     2 |    33 |    62 ||    97
       Passwall          |       |       |     2 ||     2
Invok: Heroism           |       |       |     2 ||     2
  Use: Scroll            |     1 |     6 |     4 ||    11
       Potion            |       |     1 |     1 ||     2
 Stab: Sleeping          |     4 |     1 |       ||     5
Armor: Robe              |    39 |    47 |    48 ||   134
Dodge: Dodged            |    72 |   126 |   128 ||   326
